AoeStats
← SpeedyVroomster

Arabia

510224804Analyzed
1v1 RM · 2d ago on Sep 30, 2026· 45m 18s· 2 players
Game mode
Random Map
Map size
Tiny (2 player)
Population
200
Speed
Normal
Resources
Standard
Victory
Conquest
Starting age
Dark Age
Ending age
Imperial Age
RankedLock teamsTeams togetherTeam positionsShared explorationLock speedFull tech treeHidden civsTurbo modeCheats
Victory
Defeat
🇺🇸 Burgundians · United States
594
+14
🇲🇽 Bulgarians · Mexico
559
-14
abe.anderman
2:12 Loom
3:14 Loom
11:32 Feudal Age
13:40 Wheelbarrow
14:53 Double-Bit Axe
23:15 Castle Age
21:21 Horse Collar
25:14 Heavy Plow
29:18 Scale Mail Armor
30:13 Bloodlines
30:49 Forging
39:53 Chain Mail Armor
40:13 Iron Casting
42:05 Gold Mining
SpeedyVroomster
7:16 Loom
10:12 Feudal Age
12:29 Scale Barding Armor
12:35 Forging
23:22 Castle Age
24:32 Husbandry
24:54 Scale Mail Armor
27:41 Murder Holes
27:43 Cavalier
28:46 Squires
30:35 Iron Casting
32:26 Wheelbarrow
38:02 Chain Barding Armor
41:02 Imperial Age
41:29 Burgundian Vineyards
Connection lost

Rejoining the realm…

Still unreachable

The connection could not be restored.

Session expired

The server has moved on; the page needs a fresh start.